 Dungeon Crawl Stone Soup version 0.29-a0-23-ga79f92ac9c (webtiles) character file.

Game seed: 9214792102048248366

112 Ajdolov the Chiller (level 4, -2/36 HPs)
             Began as a Naga Ice Elementalist on Jan 30, 2022.
             Slain by a gnoll (14 damage)
             ... on level 3 of the Dungeon.
             The game lasted 00:05:18 (3173 turns).

Ajdolov the Chiller (Naga Ice Elementalist)         Turns: 3173, Time: 00:05:18

Health: -2/36      AC:  2    Str: 10    XL:     4   Next: 95%
Magic:  1/7        EV:  9    Int: 18    God:
Gold:   3          SH:  0    Dex: 11    Spells: 0/7 levels left

rFire   . . .      SeeInvis +   j - +2 hand axe (elec)
rCold   . . .      Faith    .   (no shield)
rNeg    . . .      Spirit   .   a - +0 robe
rPois   +          Reflect  .   (no helmet)
rElec   .          Harm     .   (no cloak)
rCorr   .          Rampage  .   (no gloves)
Will    .....                   (no barding)
Stlth   ++........              (no amulet)
HPRegen 0.12/turn               (no ring)
MPRegen 0.10/turn               (no ring)

@: very slow
A: AC +1, large, see invisible, deformed body, poison resistance, slowness 2,
spit poison 1, naga tail 1
a: Spit Poison


You were on level 3 of the Dungeon.
You visited 1 branch of the dungeon, and saw 3 of its levels.

You collected 45 gold pieces.
You spent 42 gold pieces at shops.

Inventory:

Hand Weapons
 j - a +2 hand axe of electrocution (weapon)
Armour
 a - a +0 robe (worn)
Scrolls
 b - a scroll of teleportation {unknown}
 c - a scroll of vulnerability {unknown}
 e - 2 scrolls of identify {unknown}
 g - a scroll of enchant weapon {unknown}
 h - a scroll of amnesia {unknown}
 k - 2 scrolls of noise {unknown}
Potions
 d - 2 potions of cancellation {unknown}
 f - a potion of ambrosia {unknown}
 i - 2 potions of curing


   Skills:
 - Level 1.5 Dodging
 - Level 3.0 Stealth
 - Level 2.0 Spellcasting
 * Level 6.1 Ice Magic


You couldn't memorise any spells.
You knew the following spells:

 Your Spells              Type           Power      Damage    Failure   Level
a - Freeze                Ice            92%        1d10      1%          1
b - Frozen Ramparts       Ice            46%        1d6       4%          3
c - Ozocubu's Armour      Ice            23%        N/A       4%          3

Your spell library contained the following spells:

 Spells                   Type           Power      Damage    Failure   Level
 Hailstorm                Conj/Ice       12%        3d5       45%         4


Dungeon Overview and Level Annotations

Branches:
Dungeon (3/15)

Altars:

Shops:
D:3 !


Innate Abilities, Weirdness & Mutations

Your serpentine skin is tough. (AC +1)
You have supernaturally acute eyesight. (SInv)
Armour fits poorly on your strangely shaped body.
Your system is resistant to poisons. (rPois)
You cover ground very slowly.
You can spit poison.
You have a snake-like lower body.


Message History

Unknown command.
You hit the gnoll.
You kill the gnoll!
You start resting.
The frozen ramparts melt away.
A gnoll comes into view. It is wielding a +0 halberd.
The gnoll shouts!
Your icy armour will break if you move.
Continue?
Okay, then.
Aiming: Spit Poison (1% risk of failure)
Press: ? - help, Shift-Dir - straight line, f - gnoll
Aim: a gnoll, wielding a +0 halberd (65% to hit)
The splash of poison hits the gnoll but does no damage.
Casting: Ozocubu's Armour (dangerous; 4% risk of failure)
Confirm with . or Enter, or press ? or * to list all spells.
Casting: Frozen Ramparts (dangerous; 4% risk of failure)
Press: ? - help, Dir - look around, f - activate You miscast Frozen Ramparts.
You are very lightly contaminated with residual magic.
Nothing appears to happen.
The gnoll hits you from afar with a +0 halberd.
The gnoll hits you but does no damage.
You aren't carrying any items that you can evoke.
Unknown command.
Your icy armour will break if you move.
Continue?
Your icy armour cracks and falls away as you move.
The gnoll barely misses you.
Things that are here:
a +0 whip; a gnoll corpse You hit the gnoll but do no damage.
The gnoll hits you with a +0 halberd.
You hit the gnoll but do no damage.
You have got your breath back.
The gnoll completely misses you. The gnoll hits you but does no damage.
You barely miss the gnoll. The gnoll completely misses you.
You closely miss the gnoll. The gnoll barely misses you.
Your magical contamination has completely faded away.
You hit the gnoll.
The gnoll is lightly wounded.
The gnoll hits you with a +0 halberd!
You die...

##.# #.##....# #
.#######.......# #
#.......####.#
#.....†.# #.#
#.......# #.#
.........####.####
.........#.......#
.###.......##.##.#
###.....##@#
###...#)g#
###.#.## ..#.#
..... #.#.## ..#.#
.. ..# ... .##


You could see a gnoll.

Vanquished Creatures
  3 gnolls
  An adder (D:2)
  4 dart slugs
  An orc (D:3)
  4 ball pythons
  3 endoplasms (D:1)
  2 giant cockroaches (D:2)
  5 goblins
  2 hobgoblins
  9 jackals
  8 kobolds
  4 quokkas
  3 bats
  5 frilled lizards
  5 rats
59 creatures vanquished.

Notes
Turn   | Place    | Note
-------+----------+-------------------------------------------
     0 | D:1      | Ajdolov the Naga Ice Elementalist began the quest for the
                  | Orb.
     0 | D:1      | Reached XP level 1. HP: 15/15 MP: 3/3
   324 | D:1      | Reached XP level 2. HP: 22/22 MP: 3/5
   718 | D:1      | HP: 1/22 [kobold (3)]
   865 | D:1      | Reached XP level 3. HP: 15/28 MP: 3/6
  1015 | D:1      | Learned a level 3 spell: Frozen Ramparts
  1069 | D:1      | Reached skill level 5 in Ice Magic
  1982 | D:2      | Reached XP level 4. HP: 30/36 MP: 5/7
  2259 | D:2      | Found a faded altar of an unknown god.
  2789 | D:2      | Learned a level 3 spell: Ozocubu's Armour
  3030 | D:3      | Found Qisch's Distillery.
  3082 | D:3      | Bought a potion of curing for 42 gold pieces
  3151 | D:3      | Reached skill level 6 in Ice Magic
  3173 | D:3      | Slain by a gnoll

Illustrated notes

Levels and vault maps discovered:
D:1:      dpeg_arrival_connections, layout_basic, minmay_misc_feat_rows,
          minmay_misc_feat_alley
D:2:      layout_basic, hellmonk_ecumenical_altar_arch_garden
D:3:      layout_loops_cross, serial_shops, nicolae_diamond_shop,
          nicolae_shop_temple_entry_statues_fountains, minmay_unequal

Skill      XL: |  1  2  3  4 |
---------------+-------------+-----
Ice Magic      | 5 6 |  6.1
Dodging        | |  1.5
Stealth        | |  3.0
Spellcasting   | |  2.0

Action                   |  1- 3 |  4- 6 || total
-------------------------+-------+-------++-------
Melee: Unarmed           |     6 |       ||     6
       Dagger            |    51 |    26 ||    77
       Hand axe          |       |    17 ||    17
 Cast: Freeze            |    34 |    11 ||    45
       Frozen Ramparts   |     1 |     2 ||     3
       Ozocubu's Armour  |       |     1 ||     1
 Abil: Spit Poison       |     6 |     1 ||     7
 Stab: Sleeping          |     7 |     3 ||    10
Armor: Robe              |    10 |    11 ||    21
Dodge: Dodged            |    39 |    38 ||    77

Table legend: (Time is in decaauts)
 A = Elapsed time spent in this place.
 B = Non-inter-level travel time spent in this place.
 C = Inter-level travel time spent in this place.
 D = Time resting spent in this place.
 E = Time spent auto-exploring this place.
 F = Levels seen in this place.
 G = Mean time per level.
                   A        B        C        D        E       F      G
               +--------+--------+--------+--------+--------+-----+--------+
         Total |   3752 |   3701 |     51 |    617 |   2573 |   3 | 1250.7 |
       Dungeon |   3752 |   3701 |     51 |    617 |   2573 |   3 | 1250.7 |
               +--------+--------+--------+--------+--------+-----+--------+

Top non-repeatable levels by time:
     D:1: 2077 daAuts
     D:2: 1336 daAuts
     D:3: 339 daAuts
